 Dungeon Crawl Stone Soup version 0.25-a0-719-gde951dce62 (webtiles) character file.

Game seed: 18340460641761747925, levelgen mode: deterministic

19 Maedhros the Scratcher (level 2, -2/14 HPs)
             Began as a Felid Chaos Knight on Apr 6, 2020.
             Was a Plaything of Xom.
             Killed by the severe capriciousness of Xom (16 damage)
             ... on level 2 of the Dungeon.
             The game lasted 00:02:00 (7550 turns).

Maedhros the Scratcher (Felid Chaos Knight)         Turns: 7550, Time: 00:02:00

Health: -2/14      AC:  4    Str:  8      XL:     2   Next: 55%
Magic:  3/3        EV: 18    Int: 12 (13) God:    Xom [......]
Gold:   50         SH:  0    Dex: 17      Spells: 1/1 levels left
                                        Lives:  0   Deaths: 0

rFire    . . .     SeeInvis +     - Unarmed
rCold    . . .     Gourm    .   (shield unavailable)
rNeg     . . .     Faith    .   (armour unavailable)
rPois    .         Spirit   .   (helmet unavailable)
rElec    .         Reflect  .   (cloak unavailable)
rCorr    .         Harm     .   (gloves unavailable)
MR       .....     Clarity  +   (boots unavailable)
Stlth    ++........             (no amulet)
HPRegen  0.04/turn              (no ring)
MPRegen  0.08/turn              (no ring)

@: quick
A: very small, no armour, no weapons or thrown items, stealth, claws 1, fangs 3,
yellow scales 2, see invisible, agile 1, carnivore, clarity, speed 1, shaggy fur
1, slow metabolism 1, sharp paws
a: Renounce Religion


You were on level 2 of the Dungeon.
You worshipped Xom.
You were a BORING thing.
You were not hungry.

You visited 1 branch of the dungeon, and saw 2 of its levels.

You collected 50 gold pieces.

Inventory:

Missiles
 e - 47 sling bullets
Scrolls
 d - a scroll of remove curse {unknown}
 f - a scroll of random uselessness {unknown}
 g - a scroll of amnesia
Potions
 b - 2 potions of brilliance {unknown}
 c - a potion of degeneration {unknown}
Comestibles
 a - a ration


   Skills:
 - Level 3.0 Fighting
 - Level 3.2 Dodging
 + Level 3.9 Unarmed Combat


You had one spell level left.
You didn't know any spells.
Your spell library was empty.

Dungeon Overview and Level Annotations

Branches:
Dungeon (2/15)

Altars:
Xom


Innate Abilities, Weirdness & Mutations

You cannot wear armour.
You are incapable of wielding weapons or throwing items.
Your paws allow you to move quietly. (Stealth)
You have sharp claws.
You have razor-sharp teeth.
You have supernaturally acute eyesight. (SInv)
You are carnivorous and can eat meat at any time.
You cover ground quickly.
You are covered in fur. (AC +1)
You have a slow metabolism.
Your sharp claws are effective at attacking unaware monsters.
You are mostly covered in yellow scales. (AC +3)
You are agile. (Dex +2)
You possess an exceptional clarity of mind.


Message History

No target in view!
No target in view!
You see here a hobgoblin corpse.
You butcher the hobgoblin corpse.
h - 3 chunks of flesh You see here a hobgoblin skeleton.
Eat one of 3 chunks of flesh? (ye/n/q)
You eat one of the 3 chunks of flesh.
This raw flesh tastes great.
Eat one of 2 chunks of flesh? (ye/n/q)
You eat one of the 2 chunks of flesh.
This raw flesh tastes great.
Eat a chunk of flesh? (ye/n/q)
You eat the chunk of flesh.
This raw flesh tastes great.
Found a stone staircase leading down.
You are now a BORING thing.
Xom's attention turns to you.
You are caught in an explosion of ice and frost!
The explosion engulfs you!
Ouch! That really hurt!
You die...
Xom laughs nastily!

≈P≈≈PP≈≈≈K≈≈≈P≈≈
.♣≈PPP≈≈≈≈≈≈≈P≈P
#.♣≈≈≈≈≈♣≈♣l≈≈≈≈ #..
♣≈P...≈♣ #.# #.....# ♣
##.####..(..#.≈♣
#.###.....###(....P♣
........#.#...###≈♣♣
#..@#.#.### ♣
##..##.#<# ≈
#......#(####♣≈≈≈≈
#...##...>..≈≈≈≈≈P
.#####...÷......≈P≈≈≈≈≈
........###....##≈≈P≈P≈
.#####.## #.......♣≈≈≈≈
#. ##...#### ♣♣♣ ..
##.##


There were no monsters in sight!

Vanquished Creatures
  2 goblins (D:1)
  4 hobgoblins
  5 bats (D:1)
  3 frilled lizards (D:1)
  2 kobolds
  4 rats (D:1)
20 creatures vanquished.

Notes
Turn   | Place    | Note
-------+----------+-------------------------------------------
     0 | D:1      | Maedhros the Felid Chaos Knight began the quest for the
                  | Orb.
     0 | D:1      | Reached XP level 1. HP: 10/10 MP: 2/2
   551 | D:1      | XOM: silly message
   723 | D:1      | XOM: 8-stop teleportation journey
   844 | D:1      | XOM: god gift: scroll labeled MIT XUNAET XUST {god gift}
   846 | D:1      | XOM: 1-stop teleportation journey
  1031 | D:1      | XOM is BORED!
  1164 | D:1      | XOM: mild Erth miscast
  1456 | D:1      | XOM: noise
  1465 | D:1      | Reached XP level 2. HP: 7/14 MP: 3/3
  1585 | D:1      | XOM: harmless Pois miscast
  1758 | D:1      | XOM: harmless Tloc miscast
  1912 | D:1      | XOM: give mutations
  1912 | D:1      | Gained mutation: You possess an exceptional clarity of
                  | mind. [Xom's grace]
  1912 | D:1      | Gained mutation: You are agile. (Dex +2) [Xom's grace]
  1912 | D:1      | Gained mutation: You are partially covered in yellow
                  | scales. (AC +2) [Xom's grace]
  1912 | D:1      | Gained mutation: You are mostly covered in yellow scales.
                  | (AC +3) [Xom's grace]
  1951 | D:1      | XOM: god gift: 28 sling bullets
  2428 | D:1      | XOM: cloud trail
  2756 | D:1      | XOM: 4-stop teleportation journey
  2844 | D:1      | XOM: god gift: scroll labeled CUBRAA ODUJ PIR {god gift}
  3095 | D:1      | XOM: divination: detect creatures
  3192 | D:1      | XOM: scenery: create altars
  3451 | D:1      | XOM: scenery: create altars
  3569 | D:1      | XOM: cloud trail
  4258 | D:1      | XOM: harmless Tmut miscast
  4356 | D:1      | XOM: torment (8/14 hp)
  4384 | D:1      | XOM: 1-stop teleportation journey
  6652 | D:1      | XOM: stat loss: -1 Int (12/13)
  6791 | D:1      | XOM: summons 1 hostile shadow creature
  6875 | D:1      | Noticed an electric eel
  6885 | D:1      | Noticed an electric eel
  7550 | D:2      | XOM is BORED!
  7550 | D:2      | XOM: medium Ice miscast
  7550 | D:2      | Killed by the severe capriciousness of Xom

Levels and vault maps discovered:
D:1:      arrival_aquarium_b, layout_basic
D:2:      layout_loops_ring, lemuel_coloured_pillars_altar, first_ration,
          serial_bayou_lagoon_b, uniq_jessica

Action                   || total
-------------------------++-------
Melee: Unarmed           ||    42
       Bite              ||     4
       Punch             ||     1
  Use: Scroll            ||     2
 Stab: Distracted        ||     2
  Eat: Chunk             ||    14
Armor: Skin              ||    10
Dodge: Dodged            ||    31

Table legend:
 A = Non-vault XP
 B = Vault XP
 C = Vault XP percentage of total XP
 D = Non-vault monster count
 E = Vault monster count
 F = Vault count percentage of total count
                 A         B        C        D         E       F
            +---------+---------+-------+---------+---------+-------
      Total |      28 |       0 |   0.0 |      20 |       0 |   0.0
            +---------+---------+-------+---------+---------+-------
        D:1 |      25 |       0 |   0.0 |      18 |       0 |   0.0
        D:2 |       3 |       0 |   0.0 |       2 |       0 |   0.0
            +---------+---------+-------+---------+---------+-------
